 Dungeon Crawl Stone Soup version 0.16-a0-1065-g6dfd42a (webtiles) character file.

30835 Herrn the Cleaver (level 13, 0/84 HPs)
             Began as a Gargoyle Fighter on Oct 4, 2014.
             Was a High Priest of Okawaru.
             Slain by a two-headed ogre
             ... wielding a +0 giant club
              (18 damage)
             ... while paralysed by an ogre mage
             ... on level 3 of the Orcish Mines on Oct 5, 2014.
             The game lasted 01:14:54 (16451 turns).

Herrn the Cleaver (Gargoyle Fighter)               Turns: 16451, Time: 01:14:54

HP   0/84        AC 22     Str 24      XL: 13   Next: 54%
MP  26/26        EV  2     Int  9      God: Okawaru [*****.]
Gold 1842        SH  0     Dex 10      Spells:  2 memorised,  1 level left

rFire  + + .     SeeInvis .     k - +3 broad axe (flame)
rCold  x . .     Clarity  +     s - +2 ring mail {rF+}
rNeg   + . .     rCorr    .     r - +2 large shield
rPois  +         rRot     +     (helmet restricted)
rElec  +         Spirit   .     O - +0 cloak
SustAb +         Warding  .     (no gloves)
rMut   .         Stasis   .     (no boots)
Gourm  .                        p - amulet of clarity
MR     .....                    A - ring of fire
                                V - ring of sustain abilities

@: paralysed, not resistant to hostile enchantments, very unstealthy
A: antennae 1, iridescent scales 1, negative energy resistance 1, sense
surroundings 1, electricity resistance, slow healing 1, unbreathing,
petrification resistance, rot immunity, AC +9
a: Heroism, Finesse, Renounce Religion


You were on level 3 of the Orcish Mines.
You worshipped Okawaru.
Okawaru was extremely pleased with you.
You were not hungry.

You visited 3 branches of the dungeon, and saw 18 of its levels.
You also visited: Volcano.

You collected 1842 gold pieces.

Inventory:

Hand weapons
 c - a +3 scimitar of flaming
 i - the +7 battleaxe "Leiq" {flame, MR+ SInv}
   (Okawaru gifted it to you on level 2 of the Orcish Mines)

   It emits flame when wielded, causing extra injury to most foes and up to
   double damage against particularly susceptible opponents.
   Big, fiery blades are also staple armaments of hydra-hunters.
   It affects your resistance to hostile enchantments.
   It enhances your eyesight.
 j - a +1 flail of protection
 k - a +3 broad axe of flaming (weapon)
 o - a +2 war axe of venom
 w - a +3 hand axe
 z - a +2 hand axe of freezing
Armour
 r - a +2 large shield (worn)
 s - a +2 ring mail of fire resistance (worn)
 O - a +0 cloak (worn)
 Q - a +0 troll leather armour
 R - a +3 ring mail of cold resistance
Magical devices
 e - a wand of frost (4)
 h - a wand of random effects (8)
 t - a wand of fire (7)
 B - a wand of frost (6)
 H - a wand of digging (19)
 T - a wand of flame (5)
 W - a wand of teleportation (3)
Comestibles
 b - 2 beef jerkies
 d - 10 bread rations
 l - 7 meat rations
 u - 6 royal jellies
Scrolls
 n - 3 scrolls of fear
 q - a scroll of magic mapping
 v - a scroll of remove curse
 y - 5 scrolls of teleportation
 C - 2 scrolls of fog
 J - 2 scrolls of recharging
 P - a scroll of enchant armour
 Y - a scroll of blinking
 Z - 3 scrolls of amnesia
Jewellery
 p - an amulet of clarity (around neck)
 A - a ring of fire (right hand)
 D - an uncursed ring of see invisible
 V - a ring of sustain abilities (left hand)
 X - an uncursed ring of ice
Potions
 a - 2 potions of berserk rage {unknown}
 g - 3 potions of curing
 m - a potion of cure mutation
 M - a potion of brilliance
Books
 f - a book of the Earth

   Spells                             Type                      Level
   Leda's Liquefaction                Hexes/Earth                  4
   *Bolt of Magma                     Conjuration/Fire/Earth       5
   Statue Form                        Transmutation/Earth          6
   *Iron Shot                         Conjuration/Earth            6
   Shatter                            Earth                        9
 x - a book of Control

   Spells                             Type                      Level
   Control Teleport                   Charms/Translocation         4
   Control Undead                     Necromancy                   4
   Enslavement                        Hexes                        4
   Metabolic Englaciation             Hexes/Ice                    5
   Mass Confusion                     Hexes                        6
 N - a book of Envenomations

   Spells                             Type                      Level
   Spider Form                        Transmutation/Poison         3
   Alistair's Intoxication            Transmutation/Poison         4
   Olgreb's Toxic Radiance            Poison                       4
   Poisonous Cloud                    Conjuration/Poison/Air       6
Miscellaneous
 L - a crystal ball of energy


   Skills:
 * Level 11.3 Fighting
 * Level 11.4 Axes
 + Level 6.5 Armour
 + Level 6.9 Dodging
 + Level 11.1 Shields
 * Level 9.8 Invocations


You had one spell level left.
You knew the following spells:

 Your Spells              Type           Power        Failure   Level  Hunger
a - Iron Shot             Conj/Erth      #.........   100%        6    #######
b - Bolt of Magma         Conj/Fire/Erth #.........   100%        5    ######.


Dungeon Overview and Level Annotations

Branches:
Dungeon (14/15)            Temple (1/1) D:4             Orc (3/4) D:11
   Lair (0/8) D:8          Vaults (0/5) D:13
    Elf: Orc:3-4

Altars:
Ashenzari
Cheibriados
Dithmenos
Elyvilon
Fedhas
Gozag
Kikubaaqudgha
Makhleb
Nemelex Xobeh
Okawaru
Qazlal
Ru
Sif Muna
Trog
Vehumet
Xom
Yredelemnul
Zin
The Shining One

Shops:
D:4 !   Orc:2 }   Orc:3 [

Portals:
Trove: D:10 (give +4 demon whip)


Innate Abilities, Weirdness & Mutations

You are resistant to torment.
You are immune to poison.
Your stone body is very resilient (AC +9).
You resist negative energy.
You are resistant to electric shocks.
You can survive without breathing.
You are immune to petrification.
You are immune to rotting.
You have a pair of small antennae on your head.
You are partially covered in iridescent scales (AC +4).
You passively map a small area around you.
You heal slowly when monsters are visible.


Message History

The ogre mage points at you and mumbles some strange words.
You resist with significant effort. You block the two-headed ogre's attack.
The two-headed ogre hits you but does no damage.
The two-headed ogre hits you with a giant spiked club!
You block the two-headed ogre's attack.
The ogre mage points at you and mumbles some strange words.
You suddenly lose the ability to move!
The ogre mage hits you but does no damage.
The two-headed ogre hits you but does no damage.
The two-headed ogre hits you with a giant club.
The ogre mage gestures at the ogre while chanting.
The two-headed ogre hits you with a giant club.
The two-headed ogre hits you but does no damage.
The ogre mage completely misses you.
The two-headed ogre hits you but does no damage.
The two-headed ogre hits you with a giant club!
* * * LOW HITPOINT WARNING * * *
The ogre mage hits you but does no damage.
The two-headed ogre hits you with a giant club!!
You die...

##....###.## ###
#.####.##.# ## #.# ##..##
.## #.## #### <.### ##)#
*### ....# ##..## *#O.##
....###...>## ##OO..##
()##.##.....#####OOO...#*
.)....##.....##.@#{....|#
......####.#.'.####...###
.......# ####### *#.##
#..##.## *****,.# .)..###
*,,,+,*# .≈≈..## *,,,***
≈≈≈≈..# *,,,* ≈≈.≈≈.#
*>,,* .≈≈≈≈≈# *****


You could see an ogre mage, 2 two-headed ogres and 3 ogres.

Vanquished Creatures
  Fannar (D:12)
  Nessos (D:13)
  Erica (D:13)
  A centaur warrior (D:14)
  A tengu warrior (D:13)
  Urug (D:13)
  Nergalle (D:10)
  Erolcha (D:10)
  3 hill giants
  A wizard (D:13)
  A necromancer (D:13)
  2 unseen horrors
  Pikel (D:8)
  An orc knight (Orc:3)
  2 manticores
  2 cyclopes
  2 orc sorcerers
  An elephant (D:8)
  2 toenail golems (Volcano)
  A smoke demon (Volcano)
  2 molten gargoyles (Volcano)
  Grinder (D:4)
  2 wyverns
  A queen bee (D:9)
  2 red devils (Volcano)
  The ghost of wvc the Cleaver, an average HOGl (D:5)
  5 trolls
  5 two-headed ogres (Orc:3)
  4 ravens (D:13)
  A shadow (D:12)
  A trapdoor spider (D:13)
  2 deep elf magi (D:13)
  2 fire bats (Volcano)
  A hippogriff (D:13)
  2 wraiths (D:13)
  8 yaks
  Eustachio (D:9)
  A warg (Orc:3)
  2 hungry ghosts
  An ogre zombie (D:14)
  Edmund (D:5)
  A mottled dragon (D:14)
  12 orc warriors
  3 soldier ants (D:13)
  2 ice beasts
  4 sky beasts
  2 water moccasins
  2 slaves
  2 black bears (D:7)
  15 ogres
  4 necrophages
  A crocodile (D:8)
  8 centaurs
  3 phantoms
  Sigmund (D:5)
  7 giant frogs
  2 scorpions
  7 wights (D:10)
  34 killer bees
  A hippogriff skeleton (D:10)
  4 jellies
  A giant frog zombie (D:12)
  4 crimson imps
  6 goliath beetles
  2 iguanas
  8 orc priests
  A two-headed ogre zombie (Orc:3)
  5 hounds
  A gnoll shaman (D:7)
  20 orc wizards
  15 worker ants
  Ijyb (D:3)
  A hound zombie (D:8)
  A hound skeleton (D:8)
  9 gnolls
  14 adders
  A giant mite (D:8)
  4 shadow imps
  A goliath beetle zombie (D:5)
  2 ufetubi (Orc:2)
  2 worms (D:2)
  An iguana zombie (D:10)
  4 orc skeletons
  6 giant geckos
  An ooze (D:1)
  125 orcs
  A ball python (D:3)
  A bat skeleton (D:4)
  8 giant cockroaches
  29 goblins
  11 hobgoblins
  5 quokkas
  20 bats
  8 giant newts
  23 jackals
  20 kobolds
  A kobold skeleton (D:5)
  2 orc zombies
  22 rats
  A rat skeleton (D:8)
  9 spectral orcs (D:10)
585 creatures vanquished.

Vanquished Creatures (others)
  A sky beast (D:13)
  2 slaves (D:8)
  A crocodile (D:8)
  A worker ant (D:8)
  A giant mite (D:8)
  An orc (D:8)
  A bat (D:8)
  A rat (D:8)
9 creatures vanquished.

Grand Total: 594 creatures vanquished

Notes
Turn   | Place    | Note
--------------------------------------------------------------
     0 | D:1      | Herrn, the Gargoyle Fighter, began the quest for the Orb.
     0 | D:1      | Reached XP level 1. HP: 14/14 MP: 1/1
   237 | D:1      | Reached XP level 2. HP: 19/19 MP: 2/2
   623 | D:2      | Reached XP level 3. HP: 23/23 MP: 3/3
  1084 | D:2      | Reached XP level 4. HP: 24/29 MP: 4/4
  1288 | D:3      | Reached skill level 4 in Fighting
  1426 | D:3      | Reached skill level 1 in Dodging
  1695 | D:3      | Reached XP level 5. HP: 30/33 MP: 5/5
  1824 | D:3      | Noticed Ijyb
  1834 | D:3      | Killed Ijyb
  2184 | D:4      | Reached XP level 6. HP: 35/38 MP: 6/6
  2200 | D:4      | Found a shattered altar of Ashenzari.
  2271 | D:4      | Noticed Grinder
  2276 | D:4      | Paralysed by Grinder for 7 turns
  2289 | D:4      | Paralysed by Grinder for 4 turns
  2296 | D:4      | Killed Grinder
  2296 | D:4      | Reached skill level 5 in Shields
  2296 | D:4      | Reached XP level 7. HP: 23/44 MP: 7/7
  2561 | D:4      | Found Supiwk's Distillery.
  2713 | D:4      | Found a staircase to the Ecumenical Temple.
  2720 | Temple   | Entered the Ecumenical Temple
  2823 | Temple   | Became a worshipper of Warmaster Okawaru
  2913 | D:5      | Entered Level 5 of the Dungeon
  2913 | D:5      | Noticed Edmund
  2913 | D:5      | Noticed wvc's ghost (average HOGl)
  3220 | D:5      | Reached skill level 1 in Invocations
  3280 | D:5      | Reached skill level 5 in Fighting
  3357 | D:5      | Killed wvc's ghost
  3357 | D:5      | Acquired Okawaru's first power
  3357 | D:5      | Reached XP level 8. HP: 26/50 MP: 8/10
  3539 | D:5      | Killed Edmund
  3779 | D:5      | Reached skill level 5 in Axes
  3842 | D:5      | Reached skill level 6 in Fighting
  3861 | D:5      | Noticed Sigmund
  3917 | D:5      | Killed Sigmund
  4219 | D:6      | Found a deep blue altar of Sif Muna.
  4357 | D:6      | Reached XP level 9. HP: 48/56 MP: 14/14
  5398 | D:7      | Reached skill level 7 in Fighting
  5398 | D:7      | Reached skill level 5 in Armour
  5974 | D:8      | Noticed Pikel
  6049 | D:8      | Killed Pikel
  6049 | D:8      | Reached XP level 10. HP: 24/63 MP: 18/18
  6056 | D:8      | Reached skill level 5 in Invocations
  6275 | D:8      | Found a staircase to the Lair.
  6289 | D:8      | Noticed an elephant
  6293 | D:8      | Noticed a manticore
  6298 | D:8      | Gained mutation: You are partially covered in iridescent scales (AC +4). [potion of beneficial mutation]
  6314 | D:8      | Killed an elephant
  6316 | D:8      | Killed a manticore
  6405 | D:8      | Acquired Okawaru's second power
  6593 | D:8      | Upgraded the game from 0.16-a0-1029-gdfc7942 to 0.16-a0-1065-g6dfd42a
  6620 | D:8      | Found a snail-covered altar of Cheibriados.
  6664 | D:8      | Reached skill level 8 in Fighting
  6962 | D:9      | Noticed Eustachio
  6973 | D:9      | Killed Eustachio
  7036 | D:9      | Gained mutation: You heal slowly when monsters are visible. [mutagenic glow]
  7144 | D:9      | Gained mutation: You have a pair of small antennae on your head. [mutagenic meat]
  7145 | D:9      | Gained mutation: You passively map a small area around you. [mutagenic meat]
  7266 | D:9      | Reached XP level 11. HP: 45/68 MP: 21/21
  7935 | D:10     | Entered Level 10 of the Dungeon
  8233 | D:10     | Noticed a hill giant
  8255 | D:10     | Killed a hill giant
  8255 | D:10     | Reached skill level 9 in Axes
  8444 | D:10     | Found a portal to a secret trove of treasure.
  8610 | D:10     | Noticed Erolcha
  8625 | D:10     | Killed Erolcha
  8816 | D:10     | Noticed Nergalle
  8857 | D:10     | Killed Nergalle
  8857 | D:10     | Received a gift from Okawaru
  9109 | D:10     | Noticed a hill giant
  9118 | D:10     | Killed a hill giant
  9118 | D:10     | Reached skill level 5 in Dodging
  9194 | D:11     | Found a staircase to the Orcish Mines.
  9814 | D:12     | Noticed Fannar
  9833 | D:12     | Killed Fannar
 10693 | D:12     | Noticed an unseen horror
 10699 | D:12     | Killed an unseen horror
 10730 | D:12     | Reached XP level 12. HP: 76/76 MP: 23/23
 10879 | D:12     | Reached skill level 10 in Axes
 10920 | D:12     | Learned a level 6 spell: Iron Shot
 10926 | D:12     | Learned a level 5 spell: Bolt of Magma
 11309 | D:13     | Noticed Erica
 11334 | D:13     | Killed Erica
 11334 | D:13     | Reached skill level 10 in Fighting
 11480 | D:13     | Noticed Nessos
 11524 | D:13     | Killed Nessos
 11763 | D:13     | Received a gift from Okawaru
 11951 | D:13     | Noticed a tengu warrior
 11980 | D:13     | Killed a tengu warrior
 11980 | D:13     | Reached skill level 10 in Shields
 12721 | D:13     | Found a gate to the Vaults.
 12835 | D:13     | Noticed Urug
 12851 | D:13     | Killed Urug
 13087 | D:13     | Reached XP level 13. HP: 83/83 MP: 26/26
 13635 | Orc:1    | Entered Level 1 of the Orcish Mines
 13983 | Orc:2    | Found Mniphoum's Gadget Emporium.
 14469 | Orc:2    | Received a gift from Okawaru
 14483 | Orc:2    | Got an ichor-stained battleaxe {god gift}
 14785 | Orc:2    | Identified the +7 battleaxe "Leiq" {flame, MR+ SInv} (Okawaru gifted it to you on level 2 of the Orcish Mines)
 14840 | Orc:2    | Reached skill level 11 in Axes
 15236 | Orc:3    | Paralysed by an orc sorcerer for 6 turns
 15312 | Orc:3    | Found a dark tunnel.
 15344 | Volcano  | Entered a volcano
 15431 | Volcano  | Found a burning altar of Makhleb.
 16147 | Orc:3    | Found Duokaid's Armour Shoppe.
 16448 | Orc:3    | Paralysed by an ogre mage for 5 turns
 16451 | Orc:3    | Slain by a two-headed ogre

Action                   |  1- 3 |  4- 6 |  7- 9 | 10-12 | 13-15 || total
-------------------------+-------+-------+-------+-------+-------++-------
Melee: War axe           |   131 |   190 |   411 |   804 |   305 ||  1841
       Hand axe          |       |       |       |    61 |       ||    61
       Broad axe         |       |       |       |       |    95 ||    95
       Battleaxe         |       |       |       |       |     5 ||     5
Invok: Heroism           |       |       |       |       |     1 ||     1
Evoke: Wand              |       |       |     3 |     5 |     3 ||    11
  Use: Potion            |       |     1 |     9 |     4 |       ||    14
       Scroll            |       |       |     5 |    10 |     1 ||    16
 Stab: Invisible         |       |       |       |     9 |       ||     9
  Eat: Chunk             |       |     5 |    10 |    20 |     6 ||    41
       Fruit             |       |       |     4 |       |       ||     4
       Pizza             |       |       |       |     1 |       ||     1
       Beef jerky        |       |       |       |     2 |     4 ||     6
       Royal jelly       |       |       |       |     1 |       ||     1
